 Dungeon Crawl Stone Soup version 0.30-a0-1160-g6e42c06551 (webtiles) character file.

Game seed: 940878683369213023

7634 greenreed the Fighter (level 10, -16/148 HPs)
             Began as a Minotaur Berserker on Apr 26, 2023.
             Was a High Priest of Trog.
             Hit by a large rock thrown by a cyclops (26 damage)
             ... on level 9 of the Dungeon.
             The game lasted 00:17:07 (8940 turns).

greenreed the Fighter (Minotaur Berserker)          Turns: 8940, Time: 00:17:08

Health: -16/148    AC: 10    Str: 38    XL:     10   Next: 98%
Magic:  9/9        EV: 13    Int:  4    God:    Trog [*****.]
Gold:   729        SH:  0    Dex: 10    Spells: 9/9 levels left

rFire   + . .        K - +3 halberd
rCold   . . .        (shield currently unavailable)
rNeg    . . .        w - +1 scale mail {rF+}
rPois   .            (helmet restricted)
rElec   .            B - +0 cloak
rCorr   .            (no gloves)
SInv    .            (no boots)
Will    .....        (no amulet) Stlth
                     l - +6 ring of strength
HPRegen 0.44/turn    s - +6 ring of strength
MPRegen 0.11/turn

%: no passive effects
@: berserking, very quick
A: horns 2, retaliatory headbutt
a: Renounce Religion, Berserk, Trog's Hand, Brothers in Arms


You were on level 9 of the Dungeon.
You worshipped Trog.
Trog was extremely pleased with you.
You visited 1 branch of the dungeon, and saw 9 of its levels.
You also visited: Sewer.

You collected 729 gold pieces.

Inventory:

Hand Weapons
 K - a +3 halberd (weapon)
Missiles
 I - a throwing net (quivered)
Armour
 h - a scarf of invisibility
 w - a +1 scale mail of fire resistance (worn)
 B - a +0 cloak (worn)
Jewellery
 l - a +6 ring of strength (left hand)
 s - a +6 ring of strength (right hand)
 F - a ring of fire
Wands
 m - a wand of polymorph (10)
 x - a wand of mindburst (41)
 C - a wand of roots (25)
 E - a wand of flame (30)
 J - a wand of digging (9)
Scrolls
 a - 5 scrolls of teleportation
 c - 8 scrolls of identify {unknown}
 d - 2 scrolls of fear {unknown}
 g - 2 scrolls of noise {unknown}
 i - 4 scrolls of vulnerability {unknown}
 n - 3 scrolls of enchant weapon {unknown}
 o - 2 scrolls of fog {unknown}
 q - 2 scrolls of torment {unknown}
 r - a scroll of brand weapon {unknown}
 t - a scroll of poison {unknown}
 y - a scroll of amnesia {unknown}
 D - a scroll of enchant armour {unknown}
 G - a scroll of magic mapping {unknown}
 L - 2 scrolls of blinking {unknown}
Potions
 b - 2 potions of mutation {unknown}
 e - 5 potions of heal wounds {unknown}
 f - 2 potions of flight {unknown}
 j - 7 potions of curing {unknown}
 k - a potion of attraction {unknown}
 p - 3 potions of resistance {unknown}
 u - 4 potions of invisibility {unknown}
 v - 4 potions of haste {unknown}
 z - 2 potions of lignification {unknown}
 A - 2 potions of berserk rage {unknown}
 H - a potion of brilliance {unknown}


   Skills:
 * Level 12.3 Fighting
 * Level 12.2 Polearms
 + Level 8.5 Armour
 + Level 7.9 Dodging


You had 9 spell levels left.
You didn't know any spells.
Your spell library was empty.

Dungeon Overview and Level Annotations

Branches:
Dungeon (9/15)             Temple (0/1) D:7            Lair (0/5) D:8
  Sewer (visited)
    Orc: D:9-12

Altars:
Cheibriados
Dithmenos
Hepliaklqana
Qazlal
Uskayaw

Annotations:
D:3 1 transporter, SirDiesAlot's ghost, amateur FoFi


Innate Abilities, Weirdness & Mutations

You have a pair of horns on your head.
You reflexively headbutt those who attack you in melee.


Message History

The orc warrior misses you.
You impale the orc warrior!!
You kill the orc warrior!
Trog accepts your kill.
You hit the cyclops but do no damage.
An orc wizard comes into view. It is wielding a +0 dagger.
A wight comes into view. It is wielding a +0 halberd.
The cyclops hits you!!
A red film seems to cover your vision as you go berserk!
You feel yourself moving faster!
You feel mighty! The orc wizard misses you.
You slash the cyclops! You headbutt the cyclops!
The cyclops is moderately wounded.
The orc wizard closely misses you.
The wight hits you from afar with a +0 halberd.
The cyclops hits you!!
* * * LOW HITPOINT WARNING * * *
You slash the cyclops!
The cyclops is severely wounded.
A cyclops comes into view.
The orc wizard gestures at you while chanting.
The magic dart hits you.
* * * LOW HITPOINT WARNING * * *
The wight hits you from afar with a +0 halberd!
* * * LOW HITPOINT WARNING * * *
You feel drained.
* * * LOW HITPOINT WARNING * * *
Okay, then.
You impale the cyclops!!
You kill the cyclops!
Trog accepts your kill.
Your life force feels restored.
You puncture the orc wizard!
The orc wizard is almost dead.
The orc wizard casts a spell at you.
The puff of flame hits you but does no damage.
You resist.
The wight hits you from afar with a +0 halberd.
* * * LOW HITPOINT WARNING * * *
The cyclops throws a large rock.
The large rock hits you!!
You die...

#........#### #.#.#..
########........#######.#.###
........................#..
#############################
#[###$###.###.###=
#.#.#.#.#.#.#.#.#
##C###.###.###.##
##(#.#.#.#.#.#.#.# #@###.#
#.###.# #.
#o###.#.#.#.#.#.#.# #z# #.#
#.# #.# #.## #[# #.#
#.#.#.#.#.#.# ## #.# #.# #.#
#.###. .# .# .#. .#.#.# ##)#.
#.#.# #.#.#.


You could see a cyclops, a wight and an orc wizard.

Vanquished Creatures
  A two-headed ogre (D:9)
  Pikel (D:7)
  A cyclops (D:9)
  A hornet (D:7)
  6 yaks
  2 steam dragons
  Grum (D:9)
  Menkaure (D:5)
  2 water moccasins
  4 orc warriors
  2 sky beasts (D:7)
  An ice beast (D:6)
  A black bear (D:8)
  2 ogres
  4 centaurs
  2 wolves (D:9)
  3 phantoms
  A lemure (D:7)
  2 kobold brigands
  3 bullfrogs
  2 gnoll sergeants
  4 wights (D:9)
  11 killer bees
  A howler monkey (D:7)
  2 gnoll boudas (D:7)
  5 hounds
  4 jellies
  9 orc priests
  2 sleepcaps
  7 orc wizards
  17 adders
  16 gnolls
  3 river rats (Sewer)
  3 shadow imps
  A white imp (D:8)
  2 worms (D:2)
  4 dart slugs
  29 orcs
  7 endoplasms
  5 giant cockroaches
  9 goblins
  14 hobgoblins
  2 jackals (D:3)
  3 quokkas
  8 ball pythons
  9 bats
  8 frilled lizards (Sewer)
  10 kobolds
  16 rats
254 creatures vanquished.

Vanquished Creatures (collateral kills)
  A kobold brigand (D:9)
  3 wights (D:9)
  A killer bee (D:9)
5 creatures vanquished.

Vanquished Creatures (others)
  36 plants (D:7)
36 creatures vanquished.

Grand Total: 295 creatures vanquished

Notes
Turn   | Place    | Note
-------+----------+-------------------------------------------
     0 | D:1      | greenreed the Minotaur Berserker began the quest for the
                  | Orb.
     0 | D:1      | Reached XP level 1. HP: 19/19 MP: 0/0
   117 | D:1      | Reached XP level 2. HP: 25/27 MP: 1/1
   599 | D:1      | Reached XP level 3. HP: 33/33 MP: 2/2
   654 | D:1      | Reached ** piety under Trog
   674 | D:1      | Found a faded altar of an unknown god.
   966 | D:2      | Found a hide-covered altar of Uskayaw.
  1202 | D:2      | Reached XP level 4. HP: 40/41 MP: 3/3
  1663 | D:3      | Found a transporter.
  1666 | D:3      | Noticed SirDiesAlot's ghost (amateur FoFi)
  1842 | D:3      | Reached *** piety under Trog
  1843 | D:3      | Reached skill level 5 in Polearms
  1843 | D:3      | Reached XP level 5. HP: 40/47 MP: 4/4
  1892 | D:3      | Reached skill level 5 in Fighting
  2087 | D:4      | Identified the +1 mace of the Unseen Realm {elec, *Slow
                  | rPois rCorr Int+3}
  2110 | D:4      | Identified the +0 robe "Dypra" {Rampage Stlth+}
  2286 | D:4      | Reached XP level 6. HP: 54/56 MP: 5/5
  2537 | D:4      | Reached XP level 7. HP: 49/63 MP: 6/6
  3317 | D:5      | Entered Level 5 of the Dungeon
  3604 | D:5      | Found a glowing drain.
  3630 | Sewer    | Entered a sewer
  3788 | Sewer    | Reached **** piety under Trog
  4516 | D:5      | Reached skill level 5 in Armour
  4516 | D:5      | Reached XP level 8. HP: 69/73 MP: 7/7
  4707 | D:5      | Noticed Menkaure
  4715 | D:5      | Killed Menkaure
  5003 | D:6      | Reached skill level 5 in Dodging
  5869 | D:7      | Noticed a hornet
  5870 | D:7      | Paralysed by a hornet for 1 turns
  5872 | D:7      | Killed a hornet
  5873 | D:7      | Reached XP level 9. HP: 65/83 MP: 8/8
  6003 | D:7      | Found a staircase to the Ecumenical Temple.
  6261 | D:7      | Found a stormy altar of Qazlal.
  6565 | D:7      | Reached ***** piety under Trog
  6579 | D:7      | Reached skill level 10 in Fighting
  6604 | D:7      | Reached skill level 10 in Polearms
  6891 | D:7      | Identified the +5 falchion "Naklogik" {speed, Dex+2}
  7001 | D:7      | Noticed Pikel
  7013 | D:7      | Killed Pikel
  7125 | D:7      | Found a shadowy altar of Dithmenos.
  7125 | D:7      | Found a snail-covered altar of Cheibriados.
  7361 | D:8      | Reached XP level 10. HP: 94/94 MP: 9/9
  7363 | D:8      | Found a staircase to the Lair.
  7799 | D:8      | Found a hazy altar of Hepliaklqana.
  8220 | D:9      | Noticed Grum
  8230 | D:9      | Killed Grum
  8627 | D:9      | Noticed a two-headed ogre
  8630 | D:9      | Killed a two-headed ogre
  8931 | D:9      | Noticed a cyclops
  8938 | D:9      | Noticed a cyclops
  8939 | D:9      | Killed a cyclops
  8940 | D:9      | Hit by a large rock thrown by a cyclops

Illustrated notes

Levels and vault maps discovered:
D:1:      nicolae_arrival_memento_mori, layout_loops_ring,
          dreamdust_ecumenical_altar_sealed_demon
D:2:      layout_loops_ring, basic_altar
D:3:      layout_loops_ring, gammafunk_ghost_mausoleum, minmay_close_crescents
D:4:      layout_layer_cave
D:5:      layout_basic, gup_sewer_entry_glass, uniq_menkaure
D:6:      layout_basic
D:7:      kennysheep_housing_project, layout_loops_corners,
          nicolae_overflow_hidden_temple, minmay_temple_entry_crystal_x,
          grunt_ministairs_5, uniq_pikel
D:8:      layout_loops_ring, nzn_hepliaklqana_mist_gate, lair_entry_dummy
D:9:      minmay_imperfect_grid, layout_basic, uniq_grum

Skill      XL: |  1  2  3  4  5  6  7  8  9 10 |
---------------+-------------------------------+-----
Polearms       | 4 5 6 7 8 10 12 | 12.2
Fighting       | 4 5 6 7 9 10 12 | 12.3
Armour         | 3 4 5 6 7 8 |  8.5
Dodging        | 3 4 5 6 7 |  7.9

Action                     |  1- 3 |  4- 6 |  7- 9 | 10-12 || total
---------------------------+-------+-------+-------+-------++-------
  Melee: Spear             |    62 |       |       |       ||    62
         Headbutt          |     8 |    19 |    44 |    21 ||    92
         Trident           |    34 |   110 |   209 |       ||   353
         Punch             |       |     1 |     1 |       ||     2
         Halberd           |       |       |   130 |   127 ||   257
 Invoke: Berserk           |       |       |     2 |     2 ||     4
         Trog's Hand       |       |       |       |     2 ||     2
         Brothers in Arms  |       |       |       |     1 ||     1
  Evoke: Wand              |       |       |     3 |       ||     3
    Use: Scroll            |       |       |       |     1 ||     1
   Stab: Distracted        |       |       |     1 |       ||     1
 Armour: Chain mail        |    27 |    10 |       |       ||    37
         Scale mail        |       |    19 |   103 |    40 ||   162
  Dodge: Dodged            |    20 |    60 |   127 |    59 ||   266

Table legend: (Time is in decaauts)
 A = Elapsed time spent in this place.
 B = Non-inter-level travel time spent in this place.
 C = Inter-level travel time spent in this place.
 D = Time resting spent in this place.
 E = Time spent auto-exploring this place.
 F = Levels seen in this place.
 G = Mean time per level.
                   A        B        C        D        E       F      G
               +--------+--------+--------+--------+--------+-----+--------+
         Total |   8992 |   8646 |    346 |    389 |   6758 |  10 |  899.2 |
       Dungeon |   8441 |   8095 |    346 |    389 |   6337 |   9 |  937.9 |
         Sewer |    550 |    550 |      0 |      0 |    420 |   1 |  550.0 |
               +--------+--------+--------+--------+--------+-----+--------+

Top non-repeatable levels by time:
     D:7: 1870 daAuts
     D:4: 1244 daAuts
     D:5: 1121 daAuts
     D:9: 905 daAuts
     D:1: 762 daAuts
     D:8: 679 daAuts
     D:2: 673 daAuts
     D:3: 636 daAuts
   Sewer: 550 daAuts
     D:6: 547 daAuts
